 Dungeon Crawl Stone Soup version 0.25.0-1-g7eea58d2a3 (webtiles) character file.

Game seed: 17183821289009048767

975 Delamore the Basher (level 8, 0/46 HPs)
             Began as a Gargoyle Fighter on June 14, 2020.
             Killed from afar by Ijyb (23 damage)
             ... with a bolt of acid
             ... on level 4 of the Dungeon.
             The game lasted 00:06:15 (4321 turns).

Delamore the Basher (Gargoyle Fighter)              Turns: 4321, Time: 00:06:15

Health: 0/46       AC:  9    Str: 23    XL:     8   Next: 16%
Magic:  8/8        EV:  7    Int:  8    God:
Gold:   184        SH:  9    Dex:  9    Spells: 7/7 levels left

rFire    . . .     SeeInvis .   a - +1 flail
rCold    . . .     Gourm    .   c - +0 kite shield
rNeg     + + +     Faith    +   b - +0 scale mail
rPois    ∞         Spirit   .   (no helmet)
rElec    +         Reflect  .   j - +0 cloak
rCorr    .         Harm     .   (no gloves)
MR       .....                  (no boots)
Stlth    ..........             t - amulet of faith
HPRegen  0.15/turn              l - ring of positive energy
MPRegen  0.11/turn              s - ring of positive energy

@: corroded
A: negative energy resistance 1, electricity resistance, unbreathing,
petrification resistance, rot immunity, AC +5
a: no special abilities


You were on level 4 of the Dungeon.
You were not hungry.

You visited 1 branch of the dungeon, and saw 5 of its levels.
You also visited: Sewer.

You collected 184 gold pieces.

Inventory:

Hand Weapons
 a - a +1 flail (weapon)
Missiles
 h - 15 poisoned darts (quivered)
 p - 5 javelins
Armour
 b - a +0 scale mail (worn)
 c - a +0 kite shield (worn)
 j - a +0 cloak (worn)
Jewellery
 l - a ring of positive energy (left hand)
 s - a ring of positive energy (right hand)
 t - an amulet of faith (around neck)
Wands
 g - a wand of flame (10)
Scrolls
 k - a scroll of fog
 n - 3 scrolls of teleportation
 q - 3 scrolls of remove curse
Potions
 d - 3 potions of might
 e - 3 potions of heal wounds
 i - a potion of mutation {unknown}
 m - 2 potions of curing {unknown}
 o - 2 potions of berserk rage {unknown}
 r - 3 potions of brilliance {unknown}
 u - a potion of stabbing {unknown}
 v - a potion of flight {unknown}
Comestibles
 f - 6 rations
 w - 4 chunks of flesh


   Skills:
 - Level 3.2 Fighting
 + Level 9.4 Maces & Flails
 - Level 3.2 Armour
 - Level 3.2 Shields


You had 7 spell levels left.
You didn't know any spells.
Your spell library contained the following spells:

 Spells                   Type           Power        Failure   Level  Hunger
 Magic Dart               Conj           #...         99%         1    ##.....
 Blink                    Tloc           N/A          100%        2    ###....
 Call Imp                 Summ           #.......     100%        2    ###....
 Slow                     Hex            #.......     100%        2    ###....
 Conjure Flame            Conj/Fire      #.......     100%        3    ####...
 Mephitic Cloud           Conj/Pois/Air  #.......     100%        3    ####...


Dungeon Overview and Level Annotations

Branches:
Dungeon (5/15)              Sewer (visited)
 Temple: D:4-7

Altars:
Elyvilon
Nemelex Xobeh
Ru
Trog
Zin

Annotations:
D:4 Ijyb


Innate Abilities, Weirdness & Mutations

You are resistant to torment.
Your stone body is resilient. (AC +5)
You are immune to poison.
You resist negative energy. (rN+)
You are resistant to electric shocks. (rElec)
You can survive without breathing.
You are immune to petrification.
You are immune to rotting.


Message History

You see here a leather armour.
Ijyb the Twisted Goblin comes into view.
She is carrying a wand of acid (11).
Ijyb shouts!
You completely miss Ijyb. Ijyb screams, "Me stronger than you!"
Ijyb barely misses you.
You closely miss Ijyb. You hit Ijyb but do no damage.
Ijyb zaps a wand.
The bolt of acid hits you.
You are splashed with acid.
Ijyb hits you but does no damage.
You hit Ijyb.
Ijyb is moderately wounded.
Ijyb hits you but does no damage.
You hit Ijyb but do no damage.
Ijyb is moderately wounded.
You closely miss Ijyb.
Ijyb is moderately wounded.
Ijyb zaps a wand.
The bolt of acid hits you. The acid corrodes you!
You are splashed with acid!
Ijyb zaps a wand.
The bolt of acid hits you!!
Ouch! That really hurt!
You die...

### .. ## ###
#.#.. ..# ##...
#.### ####.g#####
#... #.#.@.....#
#..# #..#####.#
#..# ##..#
#.#####..####
#...#
#...........# .
#...#
#.######.##.#
########..#####.#
#[##.#
................#
#.##>#
.........##.#####
#.##.#
########.##.#
#.##..


You could see Ijyb.

Vanquished Creatures
  An ice beast (D:5)
  A centaur (D:4)
  An ogre (D:5)
  3 bullfrogs
  A bullfrog zombie (D:5)
  A hound (D:5)
  An orc priest (D:3)
  2 iguanas (D:5)
  A worker ant (D:4)
  3 gnolls (D:3)
  10 adders
  10 oozes
  4 worms
  5 dart slugs
  10 leopard geckos
  11 orcs
  17 ball pythons
  15 bats
  13 giant cockroaches
  8 goblins
  3 hobgoblins
  12 jackals
  9 kobolds
  3 quokkas
  20 frilled lizards
  A quokka skeleton (D:3)
  5 rats
171 creatures vanquished.

Notes
Turn   | Place    | Note
-------+----------+-------------------------------------------
     0 | D:1      | Delamore the Gargoyle Fighter began the quest for the Orb.
     0 | D:1      | Reached XP level 1. HP: 14/14 MP: 1/1
    40 | D:1      | Reached XP level 2. HP: 14/19 MP: 2/2
   231 | D:1      | Reached skill level 3 in Maces & Flails
   769 | D:1      | Reached XP level 3. HP: 23/23 MP: 3/3
  1174 | D:2      | Reached skill level 4 in Maces & Flails
  1218 | D:2      | Found a sparkling altar of Nemelex Xobeh.
  1230 | D:2      | Reached XP level 4. HP: 25/28 MP: 4/4
  1767 | D:2      | Reached skill level 5 in Maces & Flails
  1767 | D:2      | Reached XP level 5. HP: 32/32 MP: 5/5
  1866 | D:2      | Found a white marble altar of Elyvilon.
  1866 | D:2      | Found a glowing silver altar of Zin.
  1999 | D:3      | You fall into a shaft and drop 2 floors!
  1999 | D:5      | Entered Level 5 of the Dungeon
  2176 | D:5      | Reached skill level 6 in Maces & Flails
  2176 | D:5      | Reached XP level 6. HP: 22/37 MP: 6/6
  2221 | D:5      | Noticed an ice beast
  2254 | D:5      | Reached skill level 7 in Maces & Flails
  2257 | D:5      | Killed an ice beast
  2257 | D:5      | Reached XP level 7. HP: 32/41 MP: 7/7
  2428 | D:5      | Found a bloodstained altar of Trog.
  2556 | D:5      | Found a glowing drain.
  2566 | Sewer    | Entered a sewer
  3052 | Sewer    | Reached skill level 8 in Maces & Flails
  3300 | D:5      | Found a sacrificial altar of Ru.
  3543 | D:3      | Reached skill level 9 in Maces & Flails
  3549 | D:3      | Reached XP level 8. HP: 29/46 MP: 8/8
  4314 | D:4      | Noticed Ijyb
  4321 | D:4      | Killed from afar by Ijyb

Illustrated notes

Levels and vault maps discovered:
D:1:      nagdon_arrival_zigzag_paths, layout_rooms, minmay_misc_feat_plants,
          chequers_serial_rivers_small_a, minmay_pentomino_o2
D:2:      layout_loops_cross, minitemple, lemuel_doored_altar, st_stairs_14
D:3:      layout_rooms
D:4:      layout_loops_ring, first_ration, serial_co_window_serial,
          co_window_of_opportunity_a, co_window_of_opportunity_a,
          co_window_paths_a, co_window_paths_a, co_window_paths_a,
          co_window_corner_a, co_window_corner_a, co_window_unsneaky_path_d,
          co_window_paths_c, co_window_2corner, co_window_paths_d,
          co_window_4corner_b, grunt_tough_drop, uniq_menkaure, uniq_ijyb
D:5:      layout_loops_cross, overflow_temple_1_default, bloody_trog,
          portal_sewer_entry_d

Skill      XL: |  1  2  3  4  5  6  7 |
---------------+----------------------+-----
Maces & Flails | 3 4 5 6 7 9 |  9.4
Fighting       | |  3.2
Armour         | |  3.2
Shields        | |  3.2

Action                   |  1- 3 |  4- 6 |  7- 9 || total
-------------------------+-------+-------+-------++-------
Melee: Flail             |   134 |   182 |   360 ||   676
Throw: Dart              |       |     3 |       ||     3
  Use: Scroll            |     4 |     3 |     2 ||     9
       Potion            |       |       |     1 ||     1
  Eat: Chunk             |     1 |     4 |     8 ||    13
Armor: Scale mail        |    81 |   120 |   247 ||   448
Dodge: Dodged            |    48 |    73 |   120 ||   241
Block: Kite shield       |    90 |   106 |   213 ||   409
